[Event "Titled Tuesday Blitz June 20 Early 2023"]
[White "Martic, Ivan"]
[Black "Goltsev, Dmitry"]
[WhiteFideId "929301"]
[BlackFideId "24176710"]
[WhiteElo "2346"]
[BlackElo "2356"]
[Result "1/2-1/2"]
[Round "6"]
[TimeControl "180+2"]
[Date "2023.06.20"]
[WhiteClock "0:00:17"]
[BlackClock "0:00:03"]
[Board "42"]

1. c4 Nf6 2. Nc3 e5 3. Nf3 Nc6 4. g3 a5 5. Bg2 Bc5 6. Nxe5 Bxf2+ 7. Kxf2 Nxe5 8. d3 Neg4+ 9. Kg1 c6 10. h3 Ne5 11. Bf4 d6 12. Qd2 h6 13. Kh2 Nh5 14. Rhf1 Ng6 15. Be3 Qe7 16. Rf3 Ne5 17. Rf2 Nf6 18. Kg1 Be6 19. b3 Qd7 20. d4 Ng6 21. Kh2 d5 22. Na4 Qc7 23. Nc5 b6 24. Nxe6 fxe6 25. Qd3 Ne7 26. Bf4 Qd7 27. Be5 O-O 28. Raf1 Nh7 29. e4 Rxf2 30. Rxf2 Rf8 31. Rxf8+ Nxf8 32. Qf3 Nfg6 33. exd5 Nxe5 34. dxe5 cxd5 35. Qd3 Qc6 36. cxd5 Nxd5 37. Qd4 Qc5 38. Qg4 Kf7 39. Qh5+ Kf8 40. Qf3+ Ke7 41. Qg4 Kf7 42. Qh5+ Kf8 43. Qf3+ Ke7 44. Qg4 Kf7 1/2-1/2


[Site "https://www.chess.com"]

[Event "Titled Tuesday Blitz June 20 Early 2023"]
[White "Eugene, Floryan"]
[Black "Sattarov, Bobir"]
[WhiteFideId "20694784"]
[BlackFideId "14203081"]
[WhiteElo "2369"]
[BlackElo "2351"]
[Result "1-0"]
[Round "6"]
[TimeControl "180+2"]
[Date "2023.06.20"]
[WhiteClock "0:00:52"]
[BlackClock "0:00:05"]
[Board "43"]

1. d4 Nf6 2. c4 e6 3. g4 Nxg4 4. e4 Nf6 5. Nc3 d6 6. Nf3 Be7 7. Rg1 g6 8. Bd3 c5 9. Be3 cxd4 10. Nxd4 Nc6 11. Qe2 Nxd4 12. Bxd4 e5 13. Be3 Be6 14. O-O-O Qa5 15. Kb1 O-O 16. h4 h5 17. Bg5 Kh7 18. Nd5 Bxd5 19. exd5 Kh8 20. f4 e4 21. Bxe4 Rfe8 22. Bc2 Qc7 23. f5 Ng4 24. Qd2 Qxc4 25. fxg6 Bf8 26. gxf7 Re2 27. Rxg4 hxg4 28. Bf6+ 1-0


[Site "https://www.chess.com"]

[Event "Titled Tuesday Blitz June 20 Early 2023"]
[White "Lobanov, Sergei"]
[Black "Domingo Nunez, Ruben"]
[WhiteFideId "24183750"]
[BlackFideId "22245570"]
[WhiteElo "2501"]
[BlackElo "2404"]
[Result "1-0"]
[Round "6"]
[TimeControl "180+2"]
[Date "2023.06.20"]
[WhiteClock "0:00:13"]
[BlackClock "0:00:01"]
[Board "44"]

1. d4 g6 2. e4 Bg7 3. Nc3 c6 4. Nf3 d5 5. h3 dxe4 6. Nxe4 Nf6 7. Nxf6+ exf6 8. Bc4 O-O 9. O-O a5 10. a4 Na6 11. Bf4 Nb4 12. Qd2 Bf5 13. c3 Nd5 14. Bg3 Re8 15. Rfe1 Qd7 16. Bd3 b5 17. Rxe8+ Rxe8 18. axb5 cxb5 19. Rxa5 Bxd3 20. Qxd3 b4 21. c4 Ne7 22. Bf4 Nc6 23. Ra6 Qb7 24. Ra4 Rd8 25. d5 Ne7 26. Qe3 Nf5 27. Qa7 Qc8 28. Qc7 Bf8 29. g4 Qxc7 30. Bxc7 Rc8 31. Ra7 Bc5 32. Rb7 Nd6 33. Bxd6 Bxd6 34. b3 Ra8 35. Rb6 Bc5 36. Rc6 Be7 37. d6 Bd8 38. Nd2 Kf8 39. Ne4 Ke8 40. Nc5 Ra1+ 41. Kg2 Re1 42. Rc8 Re5 43. Nb7 Kd7 44. Rxd8+ Kc6 45. Rb8 Re8 46. Rxe8 1-0


[Site "https://www.chess.com"]

[Event "Titled Tuesday Blitz June 20 Early 2023"]
[White "Gontcharov, Vladislav"]
[Black "Vakhlamov, Igor L."]
[WhiteFideId "4123492"]
[BlackFideId "24126748"]
[WhiteElo "2420"]
[BlackElo "2407"]
[Result "0-1"]
[Round "6"]
[TimeControl "180+2"]
[Date "2023.06.20"]
[WhiteClock "0:00:00"]
[BlackClock "0:00:24"]
[Board "45"]

1. d4 d5 2. c4 e6 3. Nc3 c5 4. cxd5 cxd4 5. Qa4+ Bd7 6. Qxd4 exd5 7. Qxd5 Nf6 8. Qd1 Bc5 9. e3 O-O 10. Nf3 Qe7 11. Be2 Rd8 12. O-O Nc6 13. Nd5 Nxd5 14. Qxd5 Bg4 15. Qc4 Be6 16. Qh4 Qxh4 17. Nxh4 Nb4 18. b3 Be7 19. Ba3 a5 20. Nf3 Bf6 21. Nd4 Bxd4 22. exd4 Nc2 23. Bb2 Nxa1 24. Rxa1 Rac8 25. Bd3 Rd5 26. Bf1 Rc2 27. Rb1 Bf5 28. Bc4 Rd7 29. Re1 h6 30. Ba3 Rxa2 31. Bc5 Be6 32. Rxe6 fxe6 33. Bxe6+ Kh8 34. f4 Rd8 35. f5 Rd2 36. f6 gxf6 37. Be7 R2xd4 38. Bxf6+ Kh7 39. Bf5+ Kg8 40. Be6+ Kf8 41. g4 R8d6 42. Bxd4 Rxd4 43. Kf2 b5 44. Ke3 Rb4 45. Kd3 Ke7 46. Bg8 Rxg4 47. Kc3 Rxg8 0-1


[Site "https://www.chess.com"]

[Event "Titled Tuesday Blitz June 20 Early 2023"]
[White "Skliarov, Viktor"]
[Black "Hayrapetyan, Hovik"]
[WhiteFideId "14106736"]
[BlackFideId "13302639"]
[WhiteElo "2317"]
[BlackElo "2348"]
[Result "0-1"]
[Round "6"]
[TimeControl "180+2"]
[Date "2023.06.20"]
[WhiteClock "0:00:12"]
[BlackClock "0:00:57"]
[Board "46"]

1. e4 c5 2. Nf3 d6 3. d4 cxd4 4. Qxd4 Nc6 5. Bb5 Bd7 6. Bxc6 Bxc6 7. Nc3 e5 8. Qd3 h6 9. Nd2 Nf6 10. Nc4 Be7 11. Ne3 O-O 12. O-O Re8 13. Nf5 Bf8 14. Rd1 b5 15. Nxd6 Re7 16. Be3 Rd7 17. Bc5 Bxd6 18. Bxd6 b4 0-1


[Site "https://www.chess.com"]

[Event "Titled Tuesday Blitz June 20 Early 2023"]
[White "brm72"]
[Black "Seo, Jung Min"]
[BlackFideId "1734687"]
[WhiteElo "2563"]
[BlackElo "2468"]
[Result "0-1"]
[Round "6"]
[TimeControl "180+2"]
[Date "2023.06.20"]
[WhiteClock "0:00:01"]
[BlackClock "0:00:06"]
[Board "47"]

1. e4 e5 2. Nf3 Nc6 3. d4 exd4 4. Nxd4 Bb4+ 5. c3 Bc5 6. Be3 Qf6 7. g3 Nge7 8. Bg2 O-O 9. O-O Bb6 10. Na3 d6 11. Nc4 Qg6 12. Nxb6 axb6 13. Nb5 Be6 14. Nxc7 Rxa2 15. Nxe6 Qxe6 16. Rxa2 Qxa2 17. Qe2 Qa5 18. Rd1 Rd8 19. Qc4 b5 20. Qb3 h6 21. Bf1 b4 22. c4 Ng6 23. f4 Qc7 24. Rd5 Re8 25. Bg2 Nge7 26. Rb5 Ra8 27. h3 Ra1+ 28. Kh2 Qd7 29. Bd2 Nd4 30. Qxb4 Nxb5 31. cxb5 d5 32. Qd4 Qxb5 33. Bc3 f6 34. exd5 Nf5 35. Qe4 Qc5 36. h4 Qg1+ 37. Kh3 Ne3 38. Qe8+ Kh7 39. Qe4+ f5 40. Qf3 Qxg2+ 41. Qxg2 Nxg2 42. Kxg2 Rd1 43. Kf3 Rxd5 44. g4 g6 45. Be5 fxg4+ 46. Kxg4 Kg8 47. h5 Kf7 48. hxg6+ Kxg6 49. f5+ Kf7 50. Bc3 b5 51. Bh8 b4 52. Kf4 b3 53. Kg4 Rd2 54. Bc3 Rc2 55. Bd4 Rc4 0-1


[Site "https://www.chess.com"]

[Event "Titled Tuesday Blitz June 20 Early 2023"]
[White "De La Villa Garcia, Jesus Maria"]
[Black "Fernandez Guillen, Ernesto J."]
[WhiteFideId "2200040"]
[BlackFideId "3512428"]
[WhiteElo "2562"]
[BlackElo "2434"]
[Result "0-1"]
[Round "6"]
[TimeControl "180+2"]
[Date "2023.06.20"]
[WhiteClock "0:00:08"]
[BlackClock "0:00:25"]
[Board "48"]

1. c4 e5 2. Nc3 Nc6 3. Nf3 f5 4. g3 Nf6 5. d4 e4 6. Nh4 d6 7. Bg5 Be7 8. Ng2 h6 9. Bxf6 Bxf6 10. e3 O-O 11. Nf4 g5 12. Nfd5 Bg7 13. Bg2 Ne7 14. Nxe7+ Qxe7 15. O-O c6 16. b4 g4 17. b5 h5 18. a4 h4 19. Qb3 hxg3 20. hxg3 Rf7 21. Rfb1 c5 22. Nd5 Qg5 23. Rd1 cxd4 24. exd4 Bd7 25. Rac1 Re8 26. Nf4 Bh6 27. c5 Qe7 28. Nd5 Qe6 29. Re1 Bxc1 30. Rxc1 Bc6 31. bxc6 bxc6 32. Bf1 cxd5 33. c6 e3 34. Bg2 exf2+ 35. Kxf2 Kg7 36. Bxd5 Qe2+ 37. Kg1 Re3 38. Qd1 Rxg3+ 39. Kh1 Rh3+ 40. Kg1 Qe3+ 41. Kf1 Qf4+ 42. Kg1 g3 43. Qf3 Qxd4+ 44. Kg2 Rh2+ 45. Kxg3 Qh4# 0-1


[Site "https://www.chess.com"]

[Event "Titled Tuesday Blitz June 20 Early 2023"]
[White "Atakhan, Abtin"]
[Black "Wang, Alexander J"]
[WhiteFideId "22502203"]
[BlackFideId "30955270"]
[WhiteElo "2008"]
[BlackElo "2311"]
[Result "1/2-1/2"]
[Round "6"]
[TimeControl "180+2"]
[Date "2023.06.20"]
[WhiteClock "0:00:04"]
[BlackClock "0:00:06"]
[Board "49"]

1. Nf3 d5 2. e3 c5 3. b3 Nf6 4. Bb2 e6 5. Bb5+ Bd7 6. Bxd7+ Qxd7 7. Ne5 Qd8 8. d3 Nbd7 9. f4 Bd6 10. Nd2 Qc7 11. Nxd7 Qxd7 12. Nf3 O-O-O 13. Ne5 Qc7 14. Qf3 Rhg8 15. O-O-O Rdf8 16. Kb1 Nd7 17. Nxd7 Qxd7 18. e4 d4 19. c3 e5 20. cxd4 cxd4 21. Rc1+ Kb8 22. Rc4 f6 23. Rhc1 Rc8 24. fxe5 fxe5 25. Qh5 h6 26. Qg6 Qe7 27. h3 Qf6 28. Qxf6 gxf6 29. Rxc8+ Rxc8 30. Rf1 Be7 31. g4 Rh8 32. Rf5 Kc7 33. Bc1 Kd7 34. Kc2 Ke6 35. Bd2 Rc8+ 36. Kd1 Rh8 37. Ke2 Rh7 38. Kf3 Rh8 39. Kg3 Rc8 40. Bxh6 Rc2 41. Rf2 Rc3 42. Rd2 Bb4 43. Kf3 Rc1 44. Re2 Rd1 45. Rc2 Rxd3+ 46. Kg2 Bc3 47. h4 Kf7 48. h5 Rd1 49. Bc1 Kg7 50. a4 Rd3 51. Ba3 a6 52. Bb2 Rd2+ 53. Rxd2 Bxd2 54. Kf2 Bc3 55. Bc1 b5 56. axb5 axb5 57. Ke2 b4 58. Kd3 Be1 59. Kc4 Bc3 60. Kd3 Kf7 61. Kc4 Kg7 62. Kd3 1/2-1/2


[Site "https://www.chess.com"]

[Event "Titled Tuesday Blitz June 20 Early 2023"]
[White "Mekhane, Adam"]
[Black "Indjic, Aleksandar"]
[WhiteFideId "36050601"]
[BlackFideId "911925"]
[WhiteElo "2177"]
[BlackElo "2614"]
[Result "1/2-1/2"]
[Round "6"]
[TimeControl "180+2"]
[Date "2023.06.20"]
[WhiteClock "0:00:13"]
[BlackClock "0:00:22"]
[Board "50"]

1. e4 e5 2. Nf3 Nc6 3. Bc4 Nf6 4. d3 h6 5. O-O d6 6. c3 g5 7. a4 Bg7 8. Nbd2 Ne7 9. d4 exd4 10. cxd4 d5 11. exd5 Nfxd5 12. h4 gxh4 13. Nxh4 Be6 14. Ndf3 Qd6 15. Re1 O-O-O 16. a5 Rdg8 17. Ne5 Bxe5 18. dxe5 Qc6 19. Bf1 Rg4 20. Nf3 Nf5 21. Bd2 Rhg8 22. Rc1 Qd7 23. Rc4 h5 24. a6 b6 25. Ree4 Kb8 26. Rxg4 hxg4 27. Ng5 g3 28. Qf3 gxf2+ 29. Qxf2 Nde7 30. Nxe6 fxe6 31. Qf3 Nd5 32. Rg4 Rh8 33. Bc4 Nfe7 34. Rg7 Qc8 35. Bg5 Nc6 36. Bxd5 exd5 37. Qxd5 Nb4 38. Qb7+ Qxb7 39. axb7 Re8 40. Bf4 Nd3 41. g3 Nxe5 42. Kg2 a5 43. g4 Kxb7 44. g5 Kc6 45. g6 Re6 46. Bxe5 Rxe5 47. Kg3 Rg5+ 48. Kf4 Rg2 49. Kf5 Rxb2 50. Re7 Rf2+ 51. Kg5 Rg2+ 52. Kf6 b5 53. g7 Kb6 54. Re6+ c6 55. Re5 Rxg7 56. Kxg7 a4 57. Kf6 a3 58. Re1 b4 59. Ke5 Kb5 60. Kd4 c5+ 61. Kd3 c4+ 62. Kc2 a2 63. Kb2 b3 64. Re5+ Kb4 65. Re4 Kb5 66. Re5+ Kb4 67. Re4 Kc5 68. Re1 Kb4 69. Re4 1/2-1/2


[Site "https://www.chess.com"]

[Event "Titled Tuesday Blitz June 20 Early 2023"]
[White "Garcia Blanco, Omar"]
[Black "Durarbayli, Vasif"]
[WhiteFideId "2287153"]
[BlackFideId "13402935"]
[WhiteElo "2356"]
[BlackElo "2551"]
[Result "0-1"]
[Round "6"]
[TimeControl "180+2"]
[Date "2023.06.20"]
[WhiteClock "0:00:14"]
[BlackClock "0:00:04"]
[Board "51"]

1. e4 c5 2. Nc3 Nc6 3. Bb5 Na5 4. Nf3 a6 5. Be2 e6 6. O-O b5 7. d4 cxd4 8. Nxd4 Bb7 9. Bd3 Rc8 10. Re1 Nf6 11. e5 Nd5 12. Ne4 Nc4 13. Ng5 Bc5 14. Nb3 Be7 15. Qh5 g6 16. Qh6 Bf8 17. Qh3 Bg7 18. f4 h6 19. Ne4 O-O 20. c3 b4 21. Bxc4 Rxc4 22. Nd6 Rxf4 23. c4 Qb6+ 24. c5 Qc6 25. Nxb7 Qxb7 26. Bxf4 Nxf4 27. Qf3 Qxf3 28. gxf3 Nd3 29. Red1 Nxb2 30. Rxd7 Bxe5 31. Rc1 Rc8 32. c6 Na4 33. c7 Kg7 34. Rc6 Nc3 35. Kf2 Nd5 36. Nc5 Kf6 37. Rdd6 Bxd6 38. Rxd6 Rxc7 39. Nxa6 Rc2+ 40. Kg3 Rxa2 41. Nb8 g5 42. Rd7 Nf4 0-1


[Site "https://www.chess.com"]

[Event "Titled Tuesday Blitz June 20 Early 2023"]
[White "Sjugirov, Sanan"]
[Black "Subelj, Jan"]
[WhiteFideId "4189302"]
[BlackFideId "14618583"]
[WhiteElo "2569"]
[BlackElo "2499"]
[Result "1-0"]
[Round "6"]
[TimeControl "180+2"]
[Date "2023.06.20"]
[WhiteClock "0:00:06"]
[BlackClock "0:00:09"]
[Board "52"]

1. Nf3 d5 2. g3 Nd7 3. d4 Nb6 4. a4 a5 5. b3 Bf5 6. Ba3 Nf6 7. Bg2 e6 8. Bxf8 Kxf8 9. O-O h6 10. c4 c6 11. Nc3 Ne4 12. Qc1 Nxc3 13. Qxc3 Be4 14. Ne5 Bxg2 15. Kxg2 Nd7 16. Nd3 g6 17. e3 Kg7 18. Rfb1 Nf6 19. b4 dxc4 20. Qxc4 axb4 21. Rxb4 Ra7 22. Rab1 Qa8 23. Kg1 Nd5 24. R4b3 Rxa4 25. Qc5 b6 26. Qd6 Rd8 27. Qe5+ Kg8 28. e4 Ne7 29. Rxb6 Raxd4 30. Rb8 Qa2 31. Nf4 Qd2 32. Rxd8+ Rxd8 33. Rb7 Qd1+ 34. Kg2 Re8 35. Nxe6 Nf5 36. exf5 Qd5+ 37. Qxd5 cxd5 38. Nf4 g5 39. Nxd5 Re5 40. Nf6+ Kg7 41. Nh5+ Kf8 42. g4 Re4 43. Rb8+ Ke7 44. Re8+ Kxe8 45. Nf6+ Ke7 46. Nxe4 1-0


[Site "https://www.chess.com"]

[Event "Titled Tuesday Blitz June 20 Early 2023"]
[White "Bodnaruk, Anastasia"]
[Black "Baskakov, Egor"]
[WhiteFideId "4181751"]
[BlackFideId "24197866"]
[WhiteElo "2304"]
[BlackElo "2225"]
[Result "0-1"]
[Round "6"]
[TimeControl "180+2"]
[Date "2023.06.20"]
[WhiteClock "0:00:12"]
[BlackClock "0:00:07"]
[Board "53"]

1. e4 c5 2. Nc3 Nc6 3. Bb5 g6 4. Bxc6 dxc6 5. d3 e5 6. f4 exf4 7. Bxf4 Bg7 8. Qd2 h6 9. e5 Ne7 10. Ne4 g5 11. Nd6+ Kf8 12. Bg3 Nf5 13. Nxf5 Bxf5 14. Nf3 Qd5 15. O-O Bg6 16. e6 Qxe6 17. Rae1 Qd5 18. Ne5 Bh5 19. c4 Qd8 20. Qf2 Qd4 21. Re3 Kg8 22. Kh1 Rf8 23. Qe1 f5 24. Bf2 Qd8 25. Rh3 Be8 26. Bxc5 Rf6 27. d4 b6 28. Bb4 Qxd4 29. Bc3 Qe4 30. Re3 Qh4 31. Nf3 Qxe1 32. Rfxe1 Bf7 33. Bxf6 Bxf6 34. b3 Kg7 35. Rd3 Rd8 36. Rxd8 Bxd8 37. Ne5 Be8 38. Kg1 Bf6 39. Nd3 Bd4+ 40. Kf1 Bg6 41. Ke2 f4 42. Kd2 Be3+ 43. Kc3 Kf6 44. Rd1 Be4 45. Ne1 g4 46. Rd8 c5 47. Rd6+ Ke5 48. Rxh6 f3 49. Rh5+ Ke6 50. gxf3 gxf3 51. Nxf3 Bxf3 52. Rh3 Bd4+ 53. Kd2 Be4 54. Rh6+ Ke5 55. h4 Bb1 56. a3 Bf5 57. Rh8 Ke4 58. Ra8 a5 59. Rb8 Be5 60. Rxb6 Kd4 61. Rb5 a4 62. bxa4 Kxc4 63. Rb7 Be4 64. Re7 Kd4 65. a5 Bf4+ 66. Kd1 c4 67. Rd7+ Kc3 68. a6 Kb2 69. Rd4 c3 70. Rc4 c2+ 71. Rxc2+ Bxc2+ 72. Ke2 Bb3 73. a7 Bd5 74. h5 Bh6 75. Kd3 Kxa3 76. Kd4 Ba8 77. Kc5 Ka4 78. Kb6 Be3+ 79. Ka6 Kb4 80. h6 Bxh6 81. Kb6 Be3+ 82. Kc7 Bxa7 83. Kd6 Bg2 84. Ke5 Kc3 85. Kf5 Bd4 86. Kf4 Bd5 87. Kf5 Kd3 88. Kf4 Kc4 89. Kf5 Kc5 90. Kf4 Kd6 91. Kf5 Be3 92. Kf6 Bf4 93. Kf5 Be5 94. Kg4 Ke6 95. Kg5 Be4 96. Kg4 Kf6 97. Kh5 Kf5 98. Kh6 Bd5 99. Kh5 Bf4 100. Kh4 Bf3 101. Kh3 Ke4 102. Kh4 Be2 103. Kh3 Kf3 104. Kh4 Kf2 105. Kh3 Bf3 106. Kh4 Ke3 107. Kh3 Ke4 108. Kh4 Kf5 109. Kh3 Be5 110. Kh4 Kf4 111. Kh3 Bd6 112. Kh4 Bc7 113. Kh3 Bg4+ 114. Kh4 Bd8# 0-1


[Site "https://www.chess.com"]

[Event "Titled Tuesday Blitz June 20 Early 2023"]
[White "Ibarra Jerez, Jose Carlos"]
[Black "Adla, Diego"]
[WhiteFideId "2226332"]
[BlackFideId "100072"]
[WhiteElo "2631"]
[BlackElo "2377"]
[Result "1-0"]
[Round "6"]
[TimeControl "180+2"]
[Date "2023.06.20"]
[WhiteClock "0:00:18"]
[BlackClock "0:00:00"]
[Board "54"]

1. e4 e5 2. Nf3 Nc6 3. Bb5 Bc5 4. Nxe5 Nxe5 5. d4 c6 6. Be2 Bd6 7. dxe5 Bxe5 8. Nd2 Nf6 9. O-O O-O 10. f4 Bc7 11. e5 Ne8 12. Bd3 d6 13. Qh5 g6 14. Qh6 dxe5 15. f5 Nf6 16. Ne4 Ng4 17. Qh3 Qd4+ 18. Kh1 Bxf5 19. c3 Qd5 20. Qf3 Rad8 21. Bc2 Bb6 22. h3 h5 23. hxg4 hxg4 24. Nf6+ Kg7 25. Nh5+ Kh7 26. Qxd5 Rxd5 27. Bxf5 gxf5 28. Rxf5 f6 29. Rxf6 Rd1+ 30. Kh2 Rxf6 31. Nxf6+ Kg6 32. Nxg4 1-0


[Site "https://www.chess.com"]

[Event "Titled Tuesday Blitz June 20 Early 2023"]
[White "Sebag, Marie"]
[Black "Galchenko, Matvey"]
[WhiteFideId "617822"]
[BlackFideId "24175480"]
[WhiteElo "2431"]
[BlackElo "2423"]
[Result "0-1"]
[Round "6"]
[TimeControl "180+2"]
[Date "2023.06.20"]
[WhiteClock "0:00:00"]
[BlackClock "0:00:05"]
[Board "55"]

1. e4 e6 2. d4 d5 3. Nd2 a6 4. Ngf3 Nf6 5. Bd3 c5 6. e5 Nfd7 7. c3 Nc6 8. O-O g5 9. dxc5 g4 10. Nd4 Ndxe5 11. N2b3 Nxd3 12. Qxd3 e5 13. Nxc6 bxc6 14. Re1 Bg7 15. Bf4 f6 16. Bd2 a5 17. a4 Rb8 18. Nd4 Qd7 19. b4 O-O 20. Nb3 axb4 21. cxb4 f5 22. Bc3 d4 23. Bd2 Qd5 24. Rac1 e4 25. Qb1 f4 26. Qxe4 Qxb3 27. Bxf4 Rxb4 28. Bd6 d3 29. Qxc6 d2 30. Bxf8 dxc1=Q 31. Rxc1 Rd4 32. h3 Be5 33. Rf1 Qe6 34. Qxe6+ Bxe6 35. Bh6 gxh3 36. gxh3 Rxa4 37. Re1 Ra1 38. Rxa1 Bxa1 39. Be3 Bd5 40. Kh2 Be5+ 41. f4 Bc7 42. Kg3 Kf7 43. Bd4 Kg6 44. Be3 Kf5 45. Bd2 Bb8 46. Bc1 Bc7 47. Bd2 Bd8 48. Bc1 Ba5 49. Be3 Bb4 50. h4 h5 51. Bd4 Be1+ 52. Kh3 Bc6 53. Be5 Bb5 54. Bd6 Ke6 0-1


[Site "https://www.chess.com"]

[Event "Titled Tuesday Blitz June 20 Early 2023"]
[White "Xu, Yi"]
[Black "Girya, Olga"]
[WhiteFideId "8605564"]
[BlackFideId "4195752"]
[WhiteElo "2460"]
[BlackElo "2263"]
[Result "1-0"]
[Round "6"]
[TimeControl "180+2"]
[Date "2023.06.20"]
[WhiteClock "0:00:07"]
[BlackClock "0:00:00"]
[Board "56"]

1. d4 Nf6 2. c4 e6 3. Nf3 d5 4. Nc3 Be7 5. Bf4 dxc4 6. e3 a6 7. Bxc4 b5 8. Be2 Nbd7 9. O-O Bb7 10. Rc1 c5 11. a4 b4 12. Nb1 O-O 13. Nbd2 cxd4 14. Bc7 Qe8 15. Nxd4 Nc5 16. b3 Nd5 17. Be5 Nc3 18. Qe1 f6 19. Bg3 Nxe2+ 20. Qxe2 Qf7 21. Nc4 e5 22. Nf5 Nxb3 23. Qg4 Kh8 24. Rcd1 Rfd8 25. Ncd6 Bxd6 26. Nxd6 Qc7 27. Qxb4 Nc5 28. Nxb7 Nxb7 29. Rc1 Qf7 30. f4 a5 31. Qb2 exf4 32. Bxf4 Nd6 33. Rfd1 Ne4 34. Qe2 Rxd1+ 35. Qxd1 Re8 36. Qd4 h6 37. h3 Qg6 38. Rd1 Kh7 39. Kh2 Re7 40. Qd3 Ng5 41. Qxg6+ Kxg6 42. Rd5 Ne6 43. Rxa5 Nxf4 44. exf4 Re4 45. Kg3 Re3+ 46. Kf2 Ra3 47. h4 h5 48. f5+ Kh6 49. Ra7 g6 50. Ra6 Ra2+ 51. Kf3 Ra3+ 52. Kf2 Kg7 53. Ra7+ Kh6 54. Rf7 Rxa4 55. Rxf6 Rf4+ 56. Kg3 Rxf5 57. Rxf5 gxf5 58. Kf4 Kg6 59. Ke5 f4 60. Ke6 Kg7 61. Kf5 Kh6 62. Kf6 Kh7 63. Kg5 Kg7 64. Kxh5 Kf6 65. Kg4 Ke5 66. Kg5 1-0


[Site "https://www.chess.com"]

[Event "Titled Tuesday Blitz June 20 Early 2023"]
[White "Christiansen, Johan-Sebastian"]
[Black "Parpiev, Isaak"]
[WhiteFideId "1512668"]
[BlackFideId "34281576"]
[WhiteElo "2531"]
[BlackElo "2167"]
[Result "1/2-1/2"]
[Round "6"]
[TimeControl "180+2"]
[Date "2023.06.20"]
[WhiteClock "0:00:04"]
[BlackClock "0:00:02"]
[Board "57"]

1. e4 c6 2. d4 g6 3. Nd2 Bg7 4. Ngf3 d6 5. c3 Nf6 6. Bd3 O-O 7. O-O Nbd7 8. Re1 e5 9. Nf1 Qc7 10. Ng3 a5 11. Bg5 a4 12. Qd2 a3 13. b3 Re8 14. Rad1 b5 15. Bh6 Bh8 16. h4 Ng4 17. h5 Nxh6 18. Qxh6 Bg7 19. Qd2 Nf6 20. h6 Bf8 21. Qg5 Ng4 22. Nf5 Bxf5 23. exf5 Nxh6 24. dxe5 dxe5 25. fxg6 fxg6 26. Nxe5 Nf7 27. Nxf7 Rxe1+ 28. Rxe1 Qxf7 29. Be4 Re8 30. f3 Kh8 31. Rd1 Qe6 32. Rd8 Rxd8 33. Qxd8 Kg7 34. Qc7+ Kh6 35. g3 Bc5+ 36. Kg2 Bd6 37. Qxc6 Qe5 38. f4 Qe6 39. Kf3 b4 40. c4 Qf6 41. Qd5 Qc3+ 42. Qd3 Qf6 43. Qe3 Kg7 44. c5 Bc7 45. c6 h5 46. Qd2 Kh6 47. f5+ g5 48. Qd3 g4+ 49. Kg2 Qe5 50. Qe3+ Kg7 51. Qg5+ Kf8 52. Qh6+ Ke7 53. Qh7+ Kf8 54. Qh6+ Ke7 55. Qe3 Kf6 56. Qh6+ Ke7 1/2-1/2


[Site "https://www.chess.com"]

[Event "Titled Tuesday Blitz June 20 Early 2023"]
[White "Quesada Perez, Yuniesky"]
[Black "Trifan, Andrei Ioan"]
[WhiteFideId "3504409"]
[BlackFideId "12967068"]
[WhiteElo "2585"]
[BlackElo "2208"]
[Result "1-0"]
[Round "6"]
[TimeControl "180+2"]
[Date "2023.06.20"]
[WhiteClock "0:00:53"]
[BlackClock "0:00:24"]
[Board "58"]

1. e4 e5 2. Nf3 Nc6 3. Bb5 a6 4. Ba4 Nf6 5. O-O Be7 6. Re1 b5 7. Bb3 d6 8. c3 O-O 9. h3 Nb8 10. d4 Nbd7 11. c4 c6 12. Qc2 Bb7 13. Nc3 b4 14. Ne2 c5 15. d5 a5 16. a4 Re8 17. Ng3 g6 18. Be3 Bf8 19. Qd2 Bg7 20. Bc2 Ba6 21. b3 Qe7 22. Rf1 Qf8 23. Rae1 h6 24. Nh2 Nh7 25. Kh1 h5 26. f4 exf4 27. Bxf4 Bc3 28. Qc1 Bxe1 29. Qxe1 Ne5 30. Qd2 Ra7 31. Ne2 Qe7 32. Ng1 f6 33. Nhf3 Qg7 34. Bh6 Qe7 35. Nh4 Nf8 36. Ngf3 Nxf3 37. Rxf3 Kh7 38. Rg3 f5 39. Bg5 Qe5 40. Bf4 Qa1+ 41. Kh2 fxe4 42. Bxd6 Qf6 43. Bxf8 Qxh4 44. Qh6+ 1-0


[Site "https://www.chess.com"]

[Event "Titled Tuesday Blitz June 20 Early 2023"]
[White "Simonian, Hrair"]
[Black "Pham, Khoi"]
[WhiteFideId "13302337"]
[BlackFideId "1054988"]
[WhiteElo "2447"]
[BlackElo "2552"]
[Result "0-1"]
[Round "6"]
[TimeControl "180+2"]
[Date "2023.06.20"]
[WhiteClock "0:01:00"]
[BlackClock "0:00:40"]
[Board "59"]

1. e4 c5 2. Nc3 d6 3. f4 g6 4. Nf3 Bg7 5. Bc4 e6 6. O-O Ne7 7. d3 O-O 8. Qe1 Nbc6 9. f5 gxf5 10. Qh4 fxe4 11. dxe4 Ng6 12. Qh5 Nce5 13. Bh6 Bxh6 14. Qxh6 Qf6 15. Nxe5 Qxe5 16. Rad1 Bd7 17. Rf3 Bc6 18. Rh3 Qg7 19. Qxg7+ Kxg7 20. Rxd6 Rad8 21. Rhd3 Rxd6 22. Rxd6 Kf6 23. Bb5 Ke5 24. Rd1 Bxe4 25. Nxe4 Kxe4 26. Rd7 Ne5 27. Rxb7 Rd8 28. Rxa7 Rd2 29. Bd3+ Nxd3 30. cxd3+ Kxd3 31. Rd7+ Ke3 32. Rxd2 Kxd2 33. a4 e5 34. a5 e4 0-1


[Site "https://www.chess.com"]

[Event "Titled Tuesday Blitz June 20 Early 2023"]
[White "Krutko, Anatoly"]
[Black "Mendonca, Leon Luke"]
[WhiteFideId "4185862"]
[BlackFideId "35028561"]
[WhiteElo "2378"]
[BlackElo "2464"]
[Result "0-1"]
[Round "6"]
[TimeControl "180+2"]
[Date "2023.06.20"]
[WhiteClock "0:00:23"]
[BlackClock "0:01:17"]
[Board "60"]

1. d4 Nf6 2. c4 d6 3. Nc3 Nbd7 4. Nf3 e5 5. e3 g6 6. Be2 Bg7 7. O-O O-O 8. b3 Re8 9. Bb2 h5 10. dxe5 dxe5 11. Ng5 Qe7 12. Nge4 Nxe4 13. Nxe4 h4 14. h3 Nf8 15. a4 Bf5 16. Bf3 Rad8 17. Qc1 Ne6 18. Ba3 Qd7 19. Rd1 Qc8 20. Bb2 a5 21. Bc3 b6 22. Qb2 Bxe4 23. Bxe4 Nc5 24. Bc2 Qe6 25. Qa3 e4 26. Bxg7 Kxg7 27. Qb2+ Qf6 28. Rd4 Ne6 29. Rad1 Nxd4 30. exd4 c5 31. Re1 Rxd4 32. Qb1 Qf4 33. Re3 Rd2 0-1


[Site "https://www.chess.com"]

[Event "Titled Tuesday Blitz June 20 Early 2023"]
[White "Zemlyanskii, Ivan"]
[Black "Aloma Vidal, Robert"]
[WhiteFideId "24249971"]
[BlackFideId "2260409"]
[WhiteElo "2421"]
[BlackElo "2435"]
[Result "1-0"]
[Round "6"]
[TimeControl "180+2"]
[Date "2023.06.20"]
[WhiteClock "0:00:09"]
[BlackClock "0:00:03"]
[Board "61"]

1. d4 d5 2. Bf4 c5 3. e4 dxe4 4. d5 Nf6 5. Nc3 g6 6. Qd2 Bg7 7. O-O-O a6 8. f3 b5 9. Nxe4 Nbd7 10. d6 Nxe4 11. fxe4 e5 12. Bh6 O-O 13. Nf3 Bxh6 14. Qxh6 Qf6 15. a4 c4 16. Be2 Bb7 17. Rhf1 Qf4+ 18. Qxf4 exf4 19. Nd4 Bxe4 20. Rxf4 Bxg2 21. axb5 axb5 22. Nxb5 Rfb8 23. Bxc4 Ne5 24. Be2 Bc6 25. c4 Bxb5 26. cxb5 Kg7 27. Rd5 Nd7 28. Kc2 Re8 29. Rd2 Re5 30. Rc4 Nc5 31. Bf3 Rd8 32. Bc6 Kf6 33. Kc3 Ke6 34. Rcd4 f5 35. Kb4 Ne4 36. Bxe4 fxe4 37. Rd1 e3 38. b6 e2 39. Re1 Rxd6 40. Rxd6+ Kxd6 41. Kc3 Kc6 42. Kd3 Kxb6 43. Rxe2 Rh5 44. Kc4 Rh4+ 45. Kc3 Kb5 46. Re5+ Kc6 47. Re2 Kd5 48. b3 h6 49. Rg2 g5 50. Rd2+ Kc5 51. Rf2 Rh3+ 52. Kc2 Kb4 53. Kd2 Kxb3 54. Ke2 Kc4 55. Kf1 Kd5 56. Kg2 Rh4 57. Ra2 Ke5 58. Ra5+ Kf6 59. Ra6+ Kf5 60. Ra5+ Kg6 61. Kg3 Kh5 62. Ra3 Rg4+ 63. Kh3 Rg1 64. Rg3 Rf1 65. Ra3 Rf2 66. Kg3 Rd2 67. Rc3 Rd4 68. Rb3 Rg4+ 69. Kh3 Rg1 70. Rg3 Rd1 71. Rb3 Rd4 72. Kg3 Rg4+ 73. Kh3 Rf4 74. Kg2 Kg6 75. Kg3 h5 76. Rb6+ Rf6 77. Rb3 h4+ 78. Kg2 Kh5 79. h3 Rd6 80. Rb2 Rd3 81. Ra2 Rg3+ 82. Kh2 Re3 83. Rb2 Kg6 84. Rb6+ Kf5 85. Rb2 Kf4 86. Kg2 Rg3+ 87. Kh2 Re3 88. Kg2 Rg3+ 89. Kh2 Rd3 90. Kg2 Ke3 91. Ra2 Rd4 92. Ra3+ Kf4 93. Rf3+ Ke4 94. Rf2 Rd3 95. Ra2 Rg3+ 96. Kh2 Re3 97. Kg2 Kd3 98. Ra3+ Kd2 99. Ra2+ Ke1 100. Ra1+ Ke2 101. Ra2+ Kd3 102. Ra3+ Ke4 103. Ra4+ Kf5 104. Ra5+ Kf4 105. Ra4+ Re4 106. Ra2 Rd4 107. Rb2 Ke3 108. Ra2 Ke4 109. Re2+ Kf4 110. Ra2 Rd3 111. Rf2+ Ke3 112. Ra2 Ke4 113. Ra4+ Kf5 114. Ra5+ Kg6 115. Ra6+ Kh5 116. Ra2 Rd2+ 117. Rxd2 g4 118. Rd5+ Kg6 119. hxg4 1-0


[Site "https://www.chess.com"]